AoeStats
← [RDY] Sleiz

Arena

505124705Analyzed
2v2 RM · 26d ago on Sep 7, 2026· 48m 45s· 4 players
Game mode
Random Map
Map size
Medium (4 player)
Population
200
Speed
Normal
Resources
Standard
Victory
Conquest
Starting age
Dark Age
Ending age
Imperial Age
RankedLock teamsTeams togetherTeam positionsShared explorationLock speedFull tech treeHidden civsTurbo modeCheats
Victory
Defeat
🇮🇹 Teutons · Italy
892
+11
🇮🇹 Hindustanis · Italy
846
+12
🇺🇸 Vietnamese · United States
810
-13
🇺🇸 Mongols · United States
730
-10
[RDY] Sleiz
9:59 Feudal Age
10:54 Double-Bit Axe
13:41 Horse Collar
20:01 Castle Age
20:06 Bloodlines
20:07 Padded Archer Armor
20:54 Heavy Plow
21:08 Thumb Ring
23:52 Wheelbarrow
27:08 Husbandry
29:13 Hand Cart
33:50 Imperial Age
32:33 Ballistics
32:31 Leather Archer Armor
32:07 Fletching
32:50 Gold Mining
34:20 Bow Saw
35:02 Parthian Tactics
36:54 Chemistry
36:02 Scale Barding Armor
37:10 Light Cavalry
39:50 Loom
[RDY] TGCID
10:51 Feudal Age
9:40 Loom
11:34 Double-Bit Axe
16:54 Castle Age
15:43 Horse Collar
18:04 Bow Saw
18:44 Heavy Plow
22:13 Crossbowman
22:50 Fletching
24:24 Bodkin Arrow
31:59 Thumb Ring
33:39 Gold Mining
37:05 Imperial Age
35:45 Wheelbarrow
36:02 Squires
37:09 Forging
37:00 Padded Archer Armor
37:02 Scale Mail Armor
37:44 Ballistics
37:12 Elite Fire Lancer
39:47 Chemistry
39:10 Hand Cart
41:25 Arbalester
45:47 Leather Archer Armor
45:36 Bracer
46:13 Paper Money
nvb
11:59 Feudal Age
12:01 Loom
16:08 Castle Age
13:58 Horse Collar
15:51 Double-Bit Axe
16:01 Stone Mining
18:31 Wheelbarrow
18:30 Town Watch
22:29 Bow Saw
22:13 Gold Mining
23:38 Fletching
30:21 Imperial Age
28:08 Hand Cart
28:18 Forging
28:17 Scale Mail Armor
28:42 Ironclad
30:01 Iron Casting
30:06 Masonry
30:16 Chain Mail Armor
32:23 Chemistry
31:30 Siege Engineers
31:32 Onager
32:07 Pikeman
34:26 Blast Furnace
33:33 Caravan
34:06 Conscription
34:11 Squires
34:00 Arson
33:41 Man-at-Arms
34:13 Halberdier
34:42 Gambesons
34:25 Long Swordsman
37:40 Plate Mail Armor
37:53 Hoardings
37:52 Crenellations
38:25 Stone Shaft Mining
37:58 Siege Onager
38:24 Two-Handed Swordsman
39:16 Bodkin Arrow
40:41 Scale Barding Armor
40:44 Padded Archer Armor
41:09 Ballistics
41:01 Fortified Wall
40:53 Guard Tower
40:54 Arrowslits
41:32 Champion
43:59 Chain Barding Armor
43:02 Elite Teutonic Knight
47:18 Keep
46:58 Fortified Wall
Chillram
9:15 Loom
11:50 Feudal Age
15:42 Castle Age
14:04 Double-Bit Axe
14:33 Horse Collar
15:48 Light Cavalry
19:12 Bow Saw
19:20 Loom
21:33 Gold Mining
22:53 Wheelbarrow
22:33 Heavy Plow
24:59 Hand Cart
26:21 Stone Mining
30:23 Imperial Age
28:34 Caravan
30:26 Elite Ghulam
31:28 Conscription
32:16 Chemistry
31:57 Grand Trunk Road
32:26 Scale Mail Armor
32:38 Forging
33:54 Shatagni
35:11 Two-Man Saw
34:59 Chain Mail Armor
37:17 Iron Casting
36:43 Padded Archer Armor
36:50 Padded Archer Armor
39:04 Blast Furnace
38:20 Leather Archer Armor
49:07 Arson
49:24 Squires
Connection lost

Rejoining the realm…

Still unreachable

The connection could not be restored.

Session expired

The server has moved on; the page needs a fresh start.